 Dungeon Crawl Stone Soup version 0.26-a0-259-g1effd001a9 (webtiles) character file.

Game seed: 4576890448197022550

252 Apogee the Slinger (level 6, -18/42 HPs)
             Began as a Halfling Hunter on July 23, 2020.
             Demolished by an ogre
             ... wielding a +0 giant spiked club
              (24 damage)
             ... on level 4 of the Dungeon.
             The game lasted 00:08:38 (3944 turns).

Apogee the Slinger (Halfling Hunter)                Turns: 3944, Time: 00:08:39

Health: -18/42     AC:  6    Str: 13    XL:     6   Next: 36%
Magic:  6/6        EV: 14    Int:  9    God:
Gold:   162        SH:  0    Dex: 17    Spells: 5/5 levels left

rFire    + . .     SeeInvis .   a - +0 hunting sling (vorpal)
rCold    . . .     Faith    .   (shield restricted)
rNeg     . . .     Spirit   .   w - +2 leather armour {rF+}
rPois    +         Reflect  .   l - +0 helmet
rElec    .         Harm     .   (no cloak)
rCorr    .                      (no gloves)
MR       .....                  (no boots)
Stlth    ++........             (no amulet)
HPRegen  0.14/turn              i - ring of flight
MPRegen  0.10/turn              p - ring of poison resistance

@: no status effects
A: small, mutation resistance 1
a: Evoke Flight


You were on level 4 of the Dungeon.
You were not hungry.

You visited 1 branch of the dungeon, and saw 4 of its levels.

You collected 162 gold pieces.

Inventory:

Hand Weapons
 a - a +0 vorpal hunting sling (weapon)
 b - a +2 dagger of pain
 e - a +0 short sword
 n - a +1 hunting sling
Missiles
 d - 18 sling bullets
 h - 41 stones (quivered)
Armour
 c - a +0 leather armour
 l - a +0 helmet (worn)
 m - a +0 chain mail
 w - a +2 leather armour of fire resistance (worn)
Jewellery
 i - a ring of flight (left hand)
 p - a ring of poison resistance (right hand)
 r - an uncursed amulet of the acrobat
Scrolls
 g - 2 scrolls of identify
 j - a scroll of teleportation {unknown}
 q - 3 scrolls of remove curse
Potions
 k - a potion of stabbing {unknown}
 o - a potion of brilliance {unknown}
 t - a potion of haste {unknown}
 v - 2 potions of heal wounds
Comestibles
 f - 5 rations


   Skills:
 + Level 3.2 Fighting
 + Level 9.4 Slings
 - Level 2.1 Dodging
 - Level 1.1 Stealth


You had 5 spell levels left.
You didn't know any spells.
Your spell library was empty.

Dungeon Overview and Level Annotations

Branches:
Dungeon (4/15)
 Temple: D:4-7

Altars:
Ashenzari
Kikubaaqudgha
Nemelex Xobeh
Vehumet

Shops:
D:4 }


Innate Abilities, Weirdness & Mutations

You are small and have problems with some larger weapons.
You are somewhat resistant to further mutation.


Message History

Firing (i - inventory. (/) - cycle)
h - 44 stones (quivered)
Press: ? - help, Shift-Dir - straight line, f/p - ogre
Aim: an ogre, wielding a +0 giant spiked club (severely wounded)
You shoot a stone. The stone hits the ogre.
The ogre is severely wounded.
The ogre hits you with a +0 giant spiked club!
* * * LOW HITPOINT WARNING * * *
Firing (i - inventory. (/) - cycle)
h - 43 stones (quivered)
Press: ? - help, Shift-Dir - straight line, f/p - ogre
Aim: an ogre, wielding a +0 giant spiked club (severely wounded)
You shoot a stone. The stone barely misses the ogre.
Firing (i - inventory. (/) - cycle)
h - 42 stones (quivered)
Press: ? - help, Shift-Dir - straight line, f/p - ogre
Aim: an ogre, wielding a +0 giant spiked club (severely wounded)
You shoot a stone.
The stone hits the ogre but does no damage.
The ogre is severely wounded.
The ogre hits you with a +0 giant spiked club!!
Ouch! That really hurt!
You die...

#.....#.#
###..#.#.#
.....#.#.#
###..#.#†##########
#....#......(...#
#....##########.#
#....# #.# #....#
#######O# ##...#
#.....@.#
#...####.......#
#.........###..#
#...####..+∩'..#
#...# ....###..#
#.#.####.......#
#..............#
###).###########
#..##


You could see an ogre.

Vanquished Creatures
  A hound (D:4)
  An orc priest (D:4)
  A bullfrog skeleton (D:4)
  Natasha (D:2)
  Robin (D:2)
  4 adders
  An ooze (D:1)
  A worm (D:3)
  11 dart slugs (D:3)
  2 leopard geckos
  3 orcs (D:4)
  4 bats (D:1)
  A giant cockroach (D:1)
  9 goblins (D:2)
  4 hobgoblins
  2 jackals (D:2)
  7 kobolds
  A quokka (D:3)
  A ball python (D:1)
  A frilled lizard (D:1)
  10 rats
67 creatures vanquished.

Notes
Turn   | Place    | Note
-------+----------+-------------------------------------------
     0 | D:1      | Apogee the Halfling Hunter began the quest for the Orb.
     0 | D:1      | Reached XP level 1. HP: 14/14 MP: 1/1
   131 | D:1      | Reached skill level 6 in Slings
   366 | D:1      | Reached XP level 2. HP: 19/19 MP: 2/2
   714 | D:1      | Reached XP level 3. HP: 22/24 MP: 3/3
   739 | D:1      | Reached skill level 7 in Slings
  1313 | D:2      | Reached XP level 4. HP: 29/29 MP: 4/4
  1424 | D:2      | Found a sparkling altar of Nemelex Xobeh.
  1426 | D:2      | Noticed Robin
  1427 | D:2      | Found a shattered altar of Ashenzari.
  1427 | D:2      | Found a radiant altar of Vehumet.
  1481 | D:2      | Killed Robin
  1481 | D:2      | Reached skill level 8 in Slings
  1626 | D:2      | Found an ancient bone altar of Kikubaaqudgha.
  1760 | D:3      | Noticed Natasha
  2037 | D:2      | Killed Natasha
  2037 | D:2      | Reached XP level 5. HP: 24/35 MP: 5/5
  3400 | D:4      | Reached skill level 9 in Slings
  3400 | D:4      | Reached XP level 6. HP: 21/42 MP: 6/6
  3801 | D:4      | Found Jakowiam's Gadget Shoppe.
  3849 | D:4      | Noticed an ogre
  3944 | D:4      | Demolished by an ogre

Illustrated notes

Levels and vault maps discovered:
D:1:      nzn_arrival_settlement, layout_basic, item_on_display_b
D:2:      layout_basic, overflow_temple_1_default, grunt_temple_overflow_open,
          uniq_robin, uniq_terence
D:3:      kennysheep_slugbush, layout_rooms, uniq_natasha
D:4:      layout_basic, serial_shops, nicolae_shop_trees, kennysheep_mini_moat,
          shop, shop

Skill      XL: |  1  2  3  4  5 |
---------------+----------------+-----
Slings         | 6 7 8 9 |  9.4
Fighting       | 2 3 |  3.2
Dodging        | |  2.1
Stealth        | |  1.1

Action                   |  1- 3 |  4- 6 || total
-------------------------+-------+-------++-------
Melee: Short sword       |    92 |    36 ||   128
       Dagger            |       |   126 ||   126
 Fire: Hunting sling     |    12 |    93 ||   105
  Use: Potion            |     1 |       ||     1
       Scroll            |       |     6 ||     6
 Stab: Sleeping          |     1 |     1 ||     2
  Eat: Ration            |     1 |     2 ||     3
Armor: Leather armour    |    15 |     9 ||    24
       Chain mail        |    22 |    71 ||    93
Dodge: Dodged            |    84 |    81 ||   165

Table legend:
 A = Non-vault XP
 B = Vault XP
 C = Vault XP percentage of total XP
 D = Non-vault monster count
 E = Vault monster count
 F = Vault count percentage of total count
                 A         B        C        D         E       F
            +---------+---------+-------+---------+---------+-------
      Total |     250 |     111 |  30.7 |      45 |      22 |  32.8
            +---------+---------+-------+---------+---------+-------
        D:1 |      36 |       0 |   0.0 |      21 |       0 |   0.0
        D:2 |      36 |      71 |  66.4 |       8 |      12 |  60.0
        D:3 |      30 |      40 |  57.1 |       8 |      10 |  55.6
        D:4 |     148 |       0 |   0.0 |       8 |       0 |   0.0
            +---------+---------+-------+---------+---------+-------
